 Dungeon Crawl Stone Soup version 0.31-a0-995-g04711c9635 (webtiles) character file.

Game seed: 4252831058594203784

12444 BinkBink the Zephyrmancer (level 11, -10/48 HPs)
             Began as a Deep Elf Air Elementalist on Nov 6, 2023.
             Was an Elder of Hepliaklqana.
             Hit by a large rock thrown by a cyclops (22 damage)
             ... on level 1 of the Orcish Mines.
             The game lasted 00:39:31 (12196 turns).

BinkBink the Zephyrmancer (DEAE)                   Turns: 12196, Time: 00:39:36

Health: -10/48     AC:  7    Str:  5    XL:     11   Next: 62%
Magic:  25/29      EV: 12    Int: 25    God:    Hepliaklqana [****..]
Gold:   1084       SH:  0    Dex: 15    Spells: 25/35 levels left

rFire   . . .        z - +4 long sword of Fixenek {drain, rN+ Will++ SInv}
rCold   . . .        (no shield)
rNeg    + + .        G - +2 robe {rN+}
rPois   .            (no helmet)
rElec   .            (no cloak)
rCorr   +            (no gloves)
SInv    +            I - +2 pair of boots {Fly}
Will    +++..        f - amulet of magic regeneration
Stlth   ++           d - ring of see invisible
HPRegen 0.28/turn    q - ring of resist corrosion
MPRegen 0.61/turn

%: no passive effects
@: flying, studying Shields
A: reduced essence
a: Renounce Religion, Recall Ancestor, Ancestor Identity, Transference, Idealise


You were on level 1 of the Orcish Mines.
You worshipped Hepliaklqana.
Hepliaklqana was greatly pleased with you.
You visited 2 branches of the dungeon, and saw 12 of its levels.
You also visited: Bailey.

You collected 1394 gold pieces.
You spent 310 gold pieces at shops.

Inventory:

Hand Weapons
 g - a +2 whip of draining
 z - the +4 long sword of Fixenek (weapon) {drain, rN+ Will++ SInv}
   (You bought it in a shop on level 3 of the Dungeon)

   rN+:       It protects you from negative energy.
   Will++:    It greatly increases your willpower.
   SInv:      It lets you see invisible.
Armour
 A - an orb of energy
 G - a +2 robe of positive energy (worn)
 I - a +2 pair of boots of flying (worn)
 N - a +0 helmet
Magical Staves
 M - a staff of poison
Jewellery
 d - a ring of see invisible (left hand)
 f - an amulet of magic regeneration (around neck)
 o - an amulet of guardian spirit
 q - a ring of resist corrosion (right hand)
 H - a ring of flight
Wands
 a - a wand of flame (5) (quivered)
 y - a wand of charming (5)
 B - a wand of roots (6)
 J - a wand of mindburst (20)
 O - a wand of light (6)
Scrolls
 c - 3 scrolls of enchant armour
 i - 8 scrolls of teleportation
 j - 2 scrolls of revelation
 l - a scroll of vulnerability
 m - 3 scrolls of poison
 p - a scroll of torment
 r - 2 scrolls of silence
 s - 2 scrolls of blinking
 t - 6 scrolls of amnesia
Potions
 b - a potion of magic
 e - 4 potions of curing
 h - a potion of attraction {unknown}
 k - 2 potions of brilliance {unknown}
 n - 3 potions of mutation {unknown}
 u - a potion of haste {unknown}
 v - a potion of lignification {unknown}
 C - a potion of might {unknown}
 E - 3 potions of enlightenment
 F - 2 potions of resistance {unknown}
 K - 2 potions of heal wounds {unknown}


   Skills:
 - Level 2.4 Dodging
 - Level 2.4 Stealth
 + Level 12.5 Spellcasting
 + Level 10.3 Conjurations
 * Level 13.5 Air Magic


You had 25 spell levels left.
You knew the following spells:

 Your Spells              Type           Power      Damage    Failure   Level
a - Shock                 Conj/Air       100%       1d9       1%          1
b - Static Discharge      Conj/Air       100%       3-8/arc   1%          2
c - Swiftness             Air            70%        N/A       1%          3
d - Airstrike             Air            35%        2d(5-21)  1%          4

Your spell library contained the following spells:

 Spells                   Type           Power      Damage    Failure   Level
 Necrotise                Necr           60%        1d7       3%          1
 Ozocubu's Armour         Ice            15%        N/A       12%         3
 Vampiric Draining        Necr           15%        2d7       12%         3
 Agony                    Necr           15%        N/A       71%         5
 Summon Forest            Summ/Tloc      7%         N/A       71%         5
 Summon Mana Viper        Hex/Summ       15%        N/A       71%         5
 Summon Cactus Giant      Summ           7%         N/A       99%         6
 Ozocubu's Refrigeration  Ice            7%         4d9       100%        7


Dungeon Overview and Level Annotations

Branches:
Dungeon (11/15)            Temple (0/1) D:5             Orc (1/2) D:9
 Bailey (visited)
   Lair: D:8-11

Altars:
Ashenzari
Dithmenos
Elyvilon
Gozag
Hepliaklqana
Nemelex Xobeh
Trog
Uskayaw
Vehumet
Wu Jian
Xom
Yredelemnul

Shops:
D:3 *?(=   D:9 (

Annotations:
D:9 2 runed translucent doors, Conn's ghost, novice OpFE


Message History

Tenoch avoids your attack.
The zap hits the orc sorcerer.
You kill the orc sorcerer!
Tenoch is no longer weakened.
You start resting.
Ancestor HP restored.
You start resting.
Tenoch is no longer covered in acid.
Magic restored.
You start resting.
HP restored.
You start waiting.
Done waiting.
You see here a +0 whip.
You now have 1068 gold pieces (gained 14).
You swap places.
You now have 1084 gold pieces (gained 16).
A cyclops comes into view.
Casting: Shock (safe; 1% risk of failure)
Confirm with . or Enter, or press ? or * to list all spells.
Aiming: Airstrike (safe; 1% risk of failure)
Press: ? - help, Dir - move target, f - cyclops
Aim: a cyclops, quivering large rocks (asleep, empty space bonus: 3/8)
The air twists around and strikes the cyclops!!
The cyclops shouts!
The cyclops is heavily wounded.
The cyclops throws a large rock.
The large rock hits you!!!
Ouch! That really hurt!
* * * LOW HITPOINT WARNING * * *
There is a staircase back to the Dungeon here.
You start resting.
A cyclops is nearby!
Casting: Airstrike (safe; 1% risk of failure)
Confirm with . or Enter, or press ? or * to list all spells.
Aiming: Airstrike (safe; 1% risk of failure)
Press: ? - help, Dir - move target, f/p - cyclops
Aim: a cyclops, quivering large rocks (heavily wounded, empty space bonus: 5/8)
The air twists around and strikes the cyclops!!
The cyclops is almost dead.
The cyclops throws a large rock.
The large rock hits you!!
You die...

### ##.## #...#
###..########
##....##.....#
###....##.....####
#@)..))##...#..##.
##..#.#......#.....
####.R####..).....#...
#....##.#...)...####..
#..............###....
#..##...##......##....
#..C###.......#......##
......##.......##......#
#.......##....####.....###


You could see the friendly Tenoch the knight and a cyclops (ally target).

Vanquished Creatures
  Erica (D:9)
  A centaur warrior (D:10)
  2 two-headed ogres
  An orc high priest (Orc:1)
  Pikel (D:7)
  An orc sorcerer (Orc:1)
  2 trolls
  A shadow (D:10)
  Sigmund (D:4)
  15 yaks
  2 wyverns
  A steam dragon (D:6)
  Edmund (D:4)
  A sky beast (D:7)
  10 orc warriors
  2 ice beasts
  2 black bears
  3 ogres
  2 centaurs
  3 phantoms
  3 kobold brigands
  4 scorpions
  7 wights
  A jelly (D:8)
  3 hounds
  5 orc priests
  Ijyb (D:5)
  A sleepcap (D:5)
  2 gnoll boudas
  2 iguanas
  Natasha (thrice) (D:3)
  4 orc wizards
  4 adders
  10 gnolls
  A shadow imp (D:6)
  3 white imps
  2 ufetubi (D:5)
  3 dart slugs
  23 orcs
  5 bats
  7 endoplasms
  5 giant cockroaches
  11 goblins
  4 hobgoblins
  3 jackals (D:1)
  2 quokkas
  7 ball pythons
  4 frilled lizards
  23 kobolds
  4 rats
210 creatures vanquished.

Vanquished Creatures (collateral kills)
  A wyvern (D:10)
  5 yaks
  Menkaure (D:4)
  An ice beast (D:5)
  An ogre (Orc:1)
  A phantom (D:5)
  2 wights
  A jelly (D:5)
  3 hounds
  2 iguanas
  Terence (D:3)
  An orc wizard (D:5)
  An adder (D:6)
  A gnoll (D:8)
  5 orcs
  A goblin (D:7)
28 creatures vanquished.

Vanquished Creatures (others)
  2 knights (D:9)
  An ancestor (D:3)
3 creatures vanquished.

Grand Total: 241 creatures vanquished

Notes
Turn   | Place    | Note
-------+----------+-------------------------------------------
     0 | D:1      | BinkBink the Deep Elf Air Elementalist began the quest for
                  | the Orb.
     0 | D:1      | Reached XP level 1. HP: 10/10 MP: 6/6
   206 | D:1      | Reached XP level 2. HP: 15/15 MP: 4/8
   779 | D:2      | Learned a level 2 spell: Static Discharge
   807 | D:2      | Reached XP level 3. HP: 19/19 MP: 7/10
   855 | D:2      | Found a faded altar of an unknown god.
   863 | D:2      | Prayed at the altar of an unknown god.
   863 | D:2      | Became a worshipper of Hepliaklqana the Forgotten
   863 | D:2      | Reached * piety under Hepliaklqana
   934 | D:2      | Found a shimmering altar of Xom.
  1350 | D:2      | Learned a level 3 spell: Swiftness
  1362 | D:3      | Found Dyliuxt's Magic Scroll Shoppe.
  1371 | D:3      | Bought a scroll of identify for 28 gold pieces
  1371 | D:3      | Bought a scroll of identify for 28 gold pieces
  1401 | D:3      | Found Tunguuse's Jewellery Shop.
  1412 | D:3      | Reached skill level 4 in Air Magic
  1441 | D:3      | Noticed Natasha
  1450 | D:3      | Killed Natasha
  1451 | D:3      | Reached XP level 4. HP: 21/21 MP: 8/12
  1464 | D:3      | Found a radiant altar of Vehumet.
  1536 | D:3      | Found a bloodstained altar of Trog.
  1546 | D:3      | Reached ** piety under Hepliaklqana
  1547 | D:3      | Remembered your ancestor Tenoch as a knight
  1657 | D:3      | Noticed a phantom
  1671 | D:3      | Killed a phantom
  1672 | D:3      | Reached XP level 5. HP: 25/25 MP: 11/13
  1755 | D:3      | Found Amagada's Antique Weapon Boutique.
  1848 | D:3      | Found Vedda's Assorted Antiques.
  1848 | D:3      | Noticed Terence
  1883 | D:3      | Killed Terence
  1998 | D:3      | Bought a purple potion for 18 gold pieces
  1998 | D:3      | Bought a purple potion for 18 gold pieces
  1998 | D:3      | Bought a scroll labelled NULYNU GIEHUBB for 20 gold pieces
  2042 | D:3      | Bought a scroll of identify for 28 gold pieces
  2050 | D:3      | Noticed Natasha
  2059 | D:3      | Killed Natasha
  2060 | D:3      | Reached skill level 5 in Air Magic
  2086 | D:4      | Noticed an ogre
  2098 | D:3      | Learned a level 4 spell: Airstrike
  2156 | D:4      | Reached skill level 5 in Spellcasting
  2156 | D:4      | Reached XP level 6. HP: 28/28 MP: 12/15
  2255 | D:4      | Noticed Menkaure
  2268 | D:4      | Killed Menkaure
  2269 | D:4      | Reached skill level 6 in Air Magic
  2269 | D:4      | Reached XP level 7. HP: 32/32 MP: 11/17
  2351 | D:4      | Noticed Sigmund
  2361 | D:4      | Killed Sigmund
  2382 | D:4      | Noticed Edmund
  2390 | D:4      | Killed Edmund
  2422 | D:4      | You fall into a shaft and drop 2 floors!
  2449 | D:6      | Noticed a steam dragon
  2498 | D:6      | Identified the +0 ring mail "Foakhlit" {*Slow +Inv rElec}
  2621 | D:6      | Reached skill level 7 in Air Magic
  2703 | D:5      | Entered Level 5 of the Dungeon
  2802 | D:4      | Reached *** piety under Hepliaklqana
  3062 | D:5      | Reached skill level 5 in Conjurations
  3062 | D:5      | Reached XP level 8. HP: 36/36 MP: 17/20
  3284 | D:5      | Reached skill level 8 in Air Magic
  3566 | D:5      | Noticed Ijyb
  3568 | D:5      | Killed Ijyb
  3674 | D:5      | Found a staircase to the Ecumenical Temple.
  3832 | D:5      | Found an ornate altar of the Wu Jian Council.
  4141 | D:6      | Reached XP level 9. HP: 40/40 MP: 16/23
  4190 | D:6      | Reached skill level 9 in Air Magic
  4304 | D:6      | Found an opulent altar of Gozag.
  4305 | D:6      | Found a sparkling altar of Nemelex Xobeh.
  4674 | D:7      | Reached **** piety under Hepliaklqana
  4798 | D:7      | Found a flagged portal.
  4826 | Bailey   | Entered a bailey
  5458 | Bailey   | Reached skill level 10 in Air Magic
  6930 | D:7      | Noticed Pikel
  6936 | D:7      | Killed Pikel
  7023 | D:7      | Reached XP level 10. HP: 45/45 MP: 13/25
  7567 | D:8      | Reached skill level 10 in Spellcasting
  7594 | D:8      | Noticed a two-headed ogre
  7599 | D:8      | Killed a two-headed ogre
  7600 | D:8      | Reached skill level 11 in Air Magic
  8001 | D:8      | Found a shimmering altar of Xom.
  8875 | D:9      | Found a large runed translucent door.
  8875 | D:9      | Found a large runed translucent door.
  8881 | D:9      | Noticed Conn's ghost (novice OpFE)
  8885 | D:9      | Found a staircase to the Orcish Mines.
  8893 | D:9      | Found Xerral's Weapon Emporium.
  9051 | D:3      | Bought a shimmering long sword for 170 gold pieces
  9051 | D:3      | Identified the +4 long sword of Fixenek {drain, rN+ Will++
                  | SInv} (You bought it in a shop on level 3 of the Dungeon)
  9067 | D:3      | Noticed Natasha
  9068 | D:3      | Killed Natasha
  9349 | D:9      | Reached skill level 12 in Air Magic
  9441 | D:9      | Noticed Erica
  9682 | D:9      | Found a broken altar of Ashenzari.
  9832 | D:9      | Found a hazy altar of Hepliaklqana.
 10004 | D:9      | Reached XP level 11. HP: 48/48 MP: 17/28
 10165 | D:9      | Killed Erica
 10363 | D:10     | Entered Level 10 of the Dungeon
 10664 | D:10     | Found a basalt altar of Yredelemnul.
 10891 | D:10     | Noticed a centaur warrior
 10893 | D:10     | Killed a centaur warrior
 10965 | D:10     | Found a white marble altar of Elyvilon.
 10970 | D:10     | Reached skill level 13 in Air Magic
 11027 | D:10     | Found a shadowy altar of Dithmenos.
 11160 | D:10     | Found a hide-covered altar of Uskayaw.
 11616 | D:11     | Noticed a two-headed ogre
 11621 | D:11     | Killed a two-headed ogre
 11622 | D:11     | Reached skill level 10 in Conjurations
 11936 | D:12     | Identified the "Femirch"
 11936 | D:13     | Identified the "Qothiope"
 11936 | Orc:1    | Entered Level 1 of the Orcish Mines
 11955 | Orc:1    | Noticed an orc high priest
 11957 | Orc:1    | Noticed an orc sorcerer
 11965 | Orc:1    | Killed an orc high priest
 11972 | Orc:1    | Killed an orc sorcerer
 12196 | Orc:1    | Hit by a large rock thrown by a cyclops

Illustrated notes

Levels and vault maps discovered:
D:1:      amcnicky_arrival_single_pillar, layout_rooms
D:2:      layout_loops_ring, basic_altar,
          hellmonk_ecumenical_altar_slurped_away, minmay_split_cup_large
D:3:      layout_loops_ring, lemuel_round_altar, mainiacjoe_overflow_boulevard,
          serial_shops, shop_coins, shop, nicolae_shop_hallway_plus, shop,
          uniq_terence, uniq_natasha
D:4:      layout_cave_pools, sigmund_edmund_badplayer, uniq_menkaure
D:5:      minmay_evil_eye, layout_gridville, nzn_wu_jian_council_hall,
          temple_green, kennysheep_opposing_triangles, uniq_ijyb
D:6:      layout_loops_ring, grunt_temple_overflow_opulence
D:7:      layout_basic, enter_bailey_5, nrook_mini_backslash, uniq_pikel
D:8:      layout_cave_pools, overflow_temple_1_default,
          hangedman_decor_diamond_cutter
D:9:      layout_roguey, mainiacjoe_overflow_catwalk, old_standard_altar,
          orc_0_dummy, ebering_ghost_disaster_area, serial_shops,
          nicolae_stop_n_shop_1, nrook_uturn, uniq_erica
D:10:     layout_basic, mainiacjoe_overflow_24_doors, elyvilon_altar_5,
          amcnicky_altar_gilded, kennysheep_mini, minmay_misc_feat_tiny
D:11:     layout_stronghold, david_lair_generic, kennysheep_generic_room_12
Orc:1:    layout_diamond_mine

Skill      XL: |  1  2  3  4  5  6  7  8  9 10 11 |
---------------+----------------------------------+-----
Conjurations   | 2 3 4 5 6 7 9 10 | 10.3
Air Magic      | 4 5 6 7 8 10 12 13 | 13.5
Spellcasting   | 4 5 6 8 9 11 12 | 12.5
Dodging        | |  2.4
Stealth        | |  2.4

Action                     |  1- 3 |  4- 6 |  7- 9 | 10-12 || total
---------------------------+-------+-------+-------+-------++-------
   Cast: Shock             |    82 |    58 |   193 |    57 ||   390
         Swiftness         |       |     2 |       |     4 ||     6
         Static Discharge  |       |     1 |     2 |    13 ||    16
         Airstrike         |       |     1 |    55 |   124 ||   180
 Invoke: Ancestor Life: Kn |       |     1 |       |       ||     1
         Recall Ancestor   |       |       |     1 |     4 ||     5
  Evoke: Wand              |       |       |       |     1 ||     1
    Use: Scroll            |     5 |     2 |     3 |     7 ||    17
         Potion            |       |       |       |     1 ||     1
 Armour: Robe              |     2 |     4 |    11 |    29 ||    46
  Dodge: Dodged            |     5 |     2 |     9 |    12 ||    28

Table legend: (Time is in decaauts)
 A = Elapsed time spent in this place.
 B = Non-inter-level travel time spent in this place.
 C = Inter-level travel time spent in this place.
 D = Time resting spent in this place.
 E = Time spent auto-exploring this place.
 F = Levels seen in this place.
 G = Mean time per level.
                   A        B        C        D        E       F      G
               +--------+--------+--------+--------+--------+-----+--------+
         Total |  12212 |  11220 |    992 |   3429 |   6004 |  13 |  939.4 |
       Dungeon |  10074 |   9083 |    991 |   1700 |   5852 |  11 |  915.8 |
  Orcish Mines |    257 |    257 |      0 |    165 |     59 |   1 |  257.0 |
        Bailey |   1880 |   1880 |      0 |   1564 |     93 |   1 | 1880.0 |
               +--------+--------+--------+--------+--------+-----+--------+

Top non-repeatable levels by time:
  Bailey: 1880 daAuts
    D:10: 1527 daAuts
     D:7: 1475 daAuts
     D:8: 1226 daAuts
     D:5: 1141 daAuts
     D:9: 1052 daAuts
     D:3: 818 daAuts
     D:6: 806 daAuts
     D:1: 774 daAuts
     D:4: 625 daAuts
     D:2: 587 daAuts
   Orc:1: 257 daAuts
    D:11: 39 daAuts
